 Dungeon Crawl Stone Soup version 0.31-a0-826-ga5cc291a1b (webtiles) character file.

Game seed: 4549979675390256598

656 qw the Shooter (level 7, -4/43 HPs)
             Began as a Gargoyle Hunter on Sept 23, 2023.
             Was a Follower of Okawaru.
             Slain by a wight
             ... wielding a +4 halberd
              (12 damage)
             ... on level 4 of the Dungeon.
             The game lasted 00:01:26 (3738 turns).

qw the Shooter (Gargoyle Hunter)                    Turns: 3738, Time: 00:01:27

Health: -4/43      AC: 11    Str: 14    XL:     7   Next: 55%
Magic:  6/8        EV: 15    Int: 10    God:    Okawaru [*.....]
Gold:   179        SH:  0    Dex: 21    Spells: 6/6 levels left

rFire   . . .        Y - +1 shortbow (drain)
rCold   . . .        (shield currently unavailable)
rNeg    + . .        i - +0 ring mail
rPois   inf          (no helmet)
rElec   +            (no cloak)
rCorr   .            (no gloves)
SInv    +            (no boots)
Will    .....        (no amulet)
Stlth   +++          f - ring of see invisible
HPRegen 0.27/turn    l - +6 ring of dexterity
MPRegen 0.11/turn

%: no passive effects
@: about to teleport, heroic
A: sickness immunity, AC +4, negative energy resistance 1, electricity
resistance, torment resistance 1, petrification resistance
a: Renounce Religion, Heroism


You were on level 4 of the Dungeon.
You worshipped Okawaru.
Okawaru was aware of your devotion.
You visited 1 branch of the dungeon, and saw 5 of its levels.

You collected 179 gold pieces.


Innate Abilities, Weirdness & Mutations

You are immune to sickness and miasma.
Your stone body is resilient. (AC +4)
You are immune to poison.
You resist negative energy. (rN+)
You are resistant to electric shocks. (rElec)
You are resistant to unholy torment.
You are immune to petrification.


   Skills:
 - Level 4.0(9.0) Fighting
 + Level 7.5(12.5) Ranged Weapons
 - Level 1.0(6.0) Armour
 - Level 2.8(7.8) Dodging
 - Level 1.1(6.1) Stealth
 + Level 1.5 Invocations


You had 6 spell levels left.
You didn't know any spells.
Your spell library was empty.

Inventory:

Hand Weapons
 Y - a +1 shortbow of draining (weapon)
Armour
 i - a +0 ring mail (worn)
Jewellery
 f - a ring of see invisible (left hand)
 l - a +6 ring of dexterity (right hand)
Scrolls
 a - 2 scrolls of teleportation
 g - a scroll of identify
Potions
 b - a potion of heal wounds {unknown}
 c - a potion of brilliance {unknown}
 d - a potion of haste
 e - a potion of might {unknown}
 h - a potion of resistance
 j - a potion of enlightenment {unknown}
 k - a potion of curing {unknown}
 m - a potion of lignification {unknown}

Dungeon Overview and Level Annotations

Branches:
Dungeon (5/15)
 Temple: D:4-7

Altars:
Kikubaaqudgha
Nemelex Xobeh
Okawaru
Sif Muna
Trog


Message History

You shoot an arrow. The arrow hits the wight.
You destroy the wight!
Okawaru accepts your kill.
You start resting.
Magic restored.
You start resting.
HP restored.
Things that are here:
a +5 short sword; a +0 robe Done exploring.
What level of the Dungeon? (default 5, ? - help)
There is a stone staircase leading down here.
You climb downwards.
The wight hits you with a +4 halberd.
There is a stone staircase leading up here.
3730 ||| STAIRDANCE The wight misses you.
You climb upwards.
There is a stone staircase leading down here.
You shoot an arrow.
The arrow hits the wight but does no damage.
The wight hits you with a +4 halberd!
3733 ||| INVOKING Heroism.
You gain the combat prowess of a mighty hero.
The wight closely misses you.
You shoot an arrow.
The arrow hits the wight but does no damage.
The wight completely misses you.
You shoot an arrow. The arrow closely misses the wight.
The wight hits you with a +4 halberd!
You shoot an arrow. The arrow hits the wight.
The wight is moderately damaged.
The wight hits you with a +4 halberd!
3737 ||| READING 3 scrolls of teleportation.
As you read the scroll of teleportation, it crumbles to dust.
You feel strangely unstable. The wight misses you.
You shoot an arrow. The arrow hits the wight.
The wight is heavily damaged.
The wight hits you with a +4 halberd!
You die...

##.# #.##...#.....####.###.#.#.#
...# #......#.......##..##(#..##
#..###.###........#.##.#.#.#.##
#............................####
...###.#####...............#.....
.#........#####..##.#####..#.####
...###.##.# #..##.# #..#).## #.##
#.##.# #z.##.# #..#.#.#
#.####.##.## #[@##)# #..#..##
.......#...## #..##)#####..#..###
#.#......#:.# #..##.#............
#.#.####....# #..##.#.###..#....#
#..#.####.#.# #..##.#.###..#.##.#
#.###.##.#..###..#........#.(#...
.## ##..###................#...#.
#.###.##.#..###...........##..###
##.#.####.#.# ####.##.#######..#.


You could see a wight.

Vanquished Creatures
  Edmund (D:4)
  An orc warrior (D:4)
  A scorpion (D:4)
  A wight (D:4)
  A jelly (D:4)
  An orc priest (D:4)
  A sleepcap (D:4)
  2 orc wizards (D:4)
  5 adders
  6 gnolls
  2 worms (D:2)
  4 dart slugs
  3 orcs
  14 ball pythons
  2 endoplasms
  2 giant cockroaches
  7 goblins
  6 hobgoblins
  6 jackals (D:1)
  10 kobolds
  2 quokkas
  10 bats
  6 frilled lizards
  2 rats (D:3)
96 creatures vanquished.

Notes
Turn   | Place    | Note
-------+----------+-------------------------------------------
     0 | D:1      | qw the Gargoyle Hunter began the quest for the Orb.
     0 | D:1      | Reached XP level 1. HP: 12/12 MP: 1/1
     0 | D:1      | 0 ||| qw: Version: 0.3-a-83-gcd0e7d8
     0 | D:1      | 0 ||| qw: Game counter: 1844
     0 | D:1      | 0 ||| qw: Melee chars always use a shield: true
     0 | D:1      | 0 ||| qw: God list: Okawaru
     0 | D:1      | 0 ||| qw: Allow faded altars: false
     0 | D:1      | 0 ||| qw: Do Orc after clearing Dungeon:15 true
     0 | D:1      | 0 ||| qw: Do second Lair branch before Depths: true
     0 | D:1      | 0 ||| qw: Lair rune preference: random
     0 | D:1      | 0 ||| qw: Goals: Normal
     0 | D:1      | 0 ||| PLANNING D:1-11
    78 | D:1      | 78 ||| READING scroll labelled YVVYADW JECUETOR.
    95 | D:1      | 95 ||| DROPPING scroll of butterflies.
   105 | D:1      | Reached XP level 2. HP: 17/17 MP: 2/2
   338 | D:1      | 338 ||| READING scroll labelled FOYCUNEYLA.
   608 | D:1      | Reached XP level 3. HP: 14/21 MP: 3/3
   713 | D:1      | Reached skill level 5 in Ranged Weapons
   967 | D:1      | 967 ||| UPGRADING to ring of see invisible.
   968 | D:1      | 968 ||| READING 2 scrolls labelled JECADO PEUCEU.
   971 | D:1      | 971 ||| READING scroll labelled YREJ LUVVEA.
   972 | D:1      | 972 ||| DRINKING 2 coppery potions.
  1164 | D:2      | 1164 ||| Stepping ~*~*~tactically~*~*~ (retreating).
  1168 | D:2      | Reached skill level 3 in Fighting
  1170 | D:2      | Reached XP level 4. HP: 10/28 MP: 4/4
  1177 | D:2      | HP: 3/28 [worm (6)]
  1178 | D:2      | 1178 ||| READING 4 scrolls of teleportation.
  1182 | D:2      | 1182 ||| READING 3 scrolls of teleportation.
  1698 | D:2      | Reached XP level 5. HP: 32/32 MP: 5/5
  1820 | D:2      | 1820 ||| UPGRADING to +0 ring mail.
  1830 | D:2      | 1830 ||| DROPPING +0 leather armour.
  1831 | D:2      | 1831 ||| DRINKING 2 amethyst potions.
  1910 | D:3      | 1910 ||| FLEEEEING.
  1942 | D:3      | Found a sparkling altar of Nemelex Xobeh.
  1988 | D:3      | Reached skill level 1 in Armour
  2189 | D:3      | Found a faded altar of an unknown god.
  2763 | D:3      | 2763 ||| UPGRADING to +6 ring of dexterity.
  2764 | D:3      | 2764 ||| READING 2 scrolls labelled MIRUGID QYANGY.
  2765 | D:3      | 2765 ||| READING scroll labelled GUOMOFR RUSUME.
  2766 | D:3      | 2766 ||| READING scroll labelled NUNYWU VEPHUWK.
  2767 | D:3      | 2767 ||| READING scroll labelled KOMYICO GULY.
  2768 | D:3      | 2768 ||| DRINKING 2 sapphire potions.
  2769 | D:3      | 2769 ||| DROPPING scroll of immolation.
  2770 | D:3      | 2770 ||| DROPPING potion of attraction.
  2821 | D:4      | Found an ancient bone altar of Kikubaaqudgha.
  2848 | D:4      | Found an iron altar of Okawaru.
  2849 | D:4      | 2849 ||| PLANNING OKAWARU WORSHIP
  2858 | D:4      | Reached skill level 6 in Ranged Weapons
  2865 | D:4      | Became a worshipper of Warmaster Okawaru
  2866 | D:4      | 2866 ||| PLANNING D:1-11
  2892 | D:4      | Reached XP level 6. HP: 38/38 MP: 6/6
  3111 | D:4      | Noticed Edmund
  3127 | D:4      | Killed Edmund
  3128 | D:4      | Reached skill level 7 in Ranged Weapons
  3238 | D:4      | Reached XP level 7. HP: 43/43 MP: 7/7
  3238 | D:4      | Found a shimmering blue altar of Sif Muna.
  3255 | D:4      | Reached * piety under Okawaru
  3359 | D:4      | Found a bloodstained altar of Trog.
  3472 | D:4      | Reached skill level 1 in Invocations
  3697 | D:5      | Entered Level 5 of the Dungeon
  3698 | D:5      | 3698 ||| STAIRDANCE
  3730 | D:5      | 3730 ||| STAIRDANCE
  3733 | D:4      | 3733 ||| INVOKING Heroism.
  3736 | D:4      | HP: 8/43 [wight/+4 halberd (11)]
  3737 | D:4      | 3737 ||| READING 3 scrolls of teleportation.
  3738 | D:4      | Slain by a wight

Levels and vault maps discovered:
D:1:      ncdulo_smallfort, layout_basic, serial_co_window_serial,
          co_window_paths_a, co_window_paths_a, co_window_of_opportunity_a,
          co_window_corner_a, co_window_of_opportunity_a, co_window_paths_a,
          co_window_corner_ca, co_window_corner_b, co_window_unsneaky_path_c,
          co_window_paths_d, co_window_4corner_a, glass_columns_b,
          glass_columns_a, glass_columns_a, glass_columns_c, glass_columns_a
D:2:      layout_loops_ring
D:3:      layout_loops_corners, mainiacjoe_overflow_small_starburst,
          basic_ecumenical_altar
D:4:      layout_loops_ring, nzn_overflow_gifts_of_might_and_magic,
          kiku_gazebo_garden_becter, kennysheep_little_box, uniq_edmund
D:5:      layout_basic, mainiacjoe_overflow_paths,
          mainiacjoe_overflow_cross_hatched, minmay_misc_feat_diagonals,
          uniq_eustachio

Skill      XL: |  1  2  3  4  5  6  7 |
---------------+----------------------+-----
Ranged Weapons | 5 6 7 |  7.5
Fighting       | 3 4 |  4.0
Armour         | 1 |  1.0
Dodging        | 2 |  2.8
Invocations    | 1 |  1.5
Stealth        | |  1.1

Action                     |  1- 3 |  4- 6 |  7- 9 || total
---------------------------+-------+-------+-------++-------
   Fire: Shortbow          |   121 |   168 |    25 ||   314
 Invoke: Heroism           |       |       |     1 ||     1
    Use: Scroll            |     4 |     6 |     1 ||    11
         Potion            |     1 |     2 |       ||     3
 Armour: Leather armour    |    51 |    20 |       ||    71
         Ring mail         |       |    16 |    12 ||    28
  Dodge: Dodged            |    44 |    45 |     9 ||    98

Table legend:
 A = Non-vault XP
 B = Vault XP
 C = Vault XP percentage of total XP
 D = Non-vault monster count
 E = Vault monster count
 F = Vault count percentage of total count
                 A         B        C        D         E       F
            +---------+---------+-------+---------+---------+-------
      Total |     604 |     334 |  35.6 |      93 |       3 |   3.1
            +---------+---------+-------+---------+---------+-------
        D:1 |      47 |       0 |   0.0 |      28 |       0 |   0.0
        D:2 |     121 |       0 |   0.0 |      28 |       0 |   0.0
        D:3 |      45 |       0 |   0.0 |      17 |       0 |   0.0
        D:4 |     391 |     334 |  46.1 |      20 |       3 |  13.0
            +---------+---------+-------+---------+---------+-------
